 Dungeon Crawl Stone Soup version 0.17-a0-1831-gaadb308 (webtiles) character file.

13955 kae the Fencer (level 11, -3/82 HPs)
             Began as a High Elf Fighter on Sept 14, 2015.
             Was the Champion of Makhleb.
             Slain by a six-headed hydra (10 damage)
             ... on level 1 of the Lair of Beasts.
             The game lasted 00:22:59 (16267 turns).

kae the Fencer (High Elf Fighter)                  Turns: 16267, Time: 00:23:00

Health: -3/82      AC: 14    Str: 15    XL:     11   Next: 82%
Magic:  18/18      EV:  8    Int: 12    God:    Makhleb [******]
Gold:   571        SH:  5    Dex: 19    Spells: 0 memorised, 10 levels left

rFire  + . .     SeeInvis .     C - +3 falchion of the Spheres {drain, rF+ MR- Stlth+}
rCold  + + .     Clarity  .     y - +0 scale mail {rC+}
rNeg   . . .     SustAt   .     u - +0 buckler
rPois  +         Gourm    .     (no helmet)
rElec  .         Spirit   .     p - +1 cloak {rPois}
rCorr  +         Warding  .     H - +0 pair of gloves
rMut   .         Stasis   .     (no boots)
MR     .....                    L - amulet of resist corrosion
Stlth  +.........               h - +5 ring of protection
                                n - ring of protection from cold

@: not resistant to hostile enchantments, very unstealthy
A: no striking features
a: Minor Destruction, Lesser Servant of Makhleb, Major Destruction, Greater
Servant of Makhleb, Renounce Religion


You were on level 1 of the Lair of Beasts.
You worshipped Makhleb.
Makhleb was exalted by your worship.
You were hungry.

You visited 3 branches of the dungeon, and saw 13 of its levels.

You collected 571 gold pieces.

Inventory:

Hand weapons
 a - a +0 long sword
 C - the +3 falchion of the Spheres (weapon) {drain, rF+ MR- Stlth+}
   (You found it on level 1 of the Dungeon)

   A truly terrible weapon, it drains the life of those it strikes.
   It protects you from fire.
   It affects your resistance to hostile enchantments.
   It makes you more stealthy.
Armour
 c - a +0 shield
 p - a +1 cloak of poison resistance (worn)
 u - a +0 buckler (worn)
 y - a +0 scale mail of cold resistance (worn)
 H - a +0 pair of gloves (worn)
 K - the +1 leather armour of Sif Muna's Pride {rF+ rC+ Dex+3}
   (You found it on level 10 of the Dungeon)

   It affects your dexterity (+3).
   It protects you from fire.
   It protects you from cold.
Jewellery
 h - a +5 ring of protection (right hand)
 n - a ring of protection from cold (left hand)
 w - an uncursed ring of fire
 L - an amulet of resist corrosion (around neck)
Magical devices
 B - a wand of frost (35)
 E - a wand of lightning (7)
 G - a wand of cold (14)
 J - a wand of paralysis (8)
 P - a wand of flame (41)
Scrolls
 f - 2 scrolls of immolation
 i - 4 scrolls of identify
 l - a scroll of enchant weapon
 m - 10 scrolls of magic mapping
 q - 3 scrolls of remove curse
 x - 2 scrolls of fog
 z - a scroll of recharging
 A - 3 scrolls of amnesia
 M - a scroll of enchant armour
Potions
 b - a potion of invisibility
 d - 3 potions of might
 k - a potion of agility
 o - a potion of heal wounds
 r - a potion of magic
 t - 2 potions of haste
 v - 5 potions of brilliance
 F - 4 potions of curing
Books
 I - a book of the Dragon

   Spells                             Type                      Level
   a - Flame Tongue                   Conjuration/Fire             1
   b - Cause Fear                     Hexes                        4
   c - Bolt of Fire                   Conjuration/Fire             6
   d - Dragon Form                    Transmutation                7
   e - Dragon's Call                  Summoning                    9
Comestibles
 e - 6 bread rations
 g - 7 meat rations
 j - a slice of pizza
 s - a beef jerky
 D - 14 fruits
 N - a royal jelly
 O - 17 chunks of flesh


   Skills:
 + Level 10.8 Fighting
 - Level 16.2 Long Blades
 - Level 2.6 Armour
 - Level 2.6 Shields
 - Level 8.1 Invocations


You had 10 spell levels left.
You didn't know any spells.

Dungeon Overview and Level Annotations

Branches:
Dungeon (11/15)            Temple (1/1) D:5            Lair (1/8) D:11
    Orc (0/4) D:9

Altars:
Ashenzari
Cheibriados
Dithmenos
Elyvilon
Fedhas
Gozag
Kikubaaqudgha
Makhleb
Nemelex Xobeh
Okawaru
Qazlal
Ru
Sif Muna
Trog
Vehumet
Xom
Yredelemnul
Zin
The Shining One
Beogh

Annotations:
D:6 1 runed door
D:9 crauler's ghost, experienced DDCK
D:11 1 runed door, exclusions: 2 doors and 2 more exclusions


Message History

The six-headed hydra is severely wounded.
The zap hits the six-headed hydra.
The six-headed hydra is severely wounded.
The zap hits you! x2
You feel slightly more hungry.
The six-headed hydra bites you but does no damage.
The six-headed hydra barely misses you. x2
The six-headed hydra bites you but does no damage. x2
The six-headed hydra barely misses you.
Use which ability?
Press: ? - help, Shift-Dir - straight line, f/p - six-headed hydra
Aim: a six-headed hydra (severely wounded)
The puff of flame hits the six-headed hydra.
The six-headed hydra is almost dead.
You feel slightly more hungry. The six-headed hydra bites you!
* * * LOW HITPOINT WARNING * * *
The six-headed hydra misses you.
The six-headed hydra bites you but does no damage.
The six-headed hydra bites you!
You die...

............#.#
............+..
.8.>.8..8...####
..............##
............#..#
#..8..########.#
#......#. #..#
... .....###.#
.8.....#@# #.D.#
.......#...(.P#
.#...........##
..#.#.........#
... .........##
#. #######.### #
##


You could see a six-headed hydra.

Vanquished Creatures
  An ugly thing (D:11)
  A manticore (D:11)
  An elephant (D:11)
  2 centaur skeletons (D:11)
  A komodo dragon (Lair:1)
  A wyvern (D:11)
  4 fire bats (D:11)
  A shadow (D:11)
  A basilisk (Lair:1)
  A human (D:7)
  6 yaks
  A hippogriff (D:8)
  A soldier ant (D:11)
  4 wraiths (D:11)
  10 wolves (Lair:1)
  Edmund (D:6)
  4 water moccasins
  13 orc warriors
  A porcupine (Lair:1)
  A black bear (D:10)
  3 sky beasts
  2 centaurs
  2 ice beasts
  A necrophage (D:6)
  6 ogres
  10 big kobolds
  2 crocodiles
  5 giant frogs
  A wyvern skeleton (D:11)
  5 jellies
  6 scorpions
  19 killer bees
  4 wights (D:8)
  3 crimson imps
  A vampire bat (D:4)
  7 hounds
  A quasit (D:8)
  4 giant frog zombies
  Crazy Yiuf (D:3)
  14 orc priests
  2 giant frog skeletons (D:6)
  A gnoll shaman (D:6)
  10 worker ants
  8 orc wizards
  2 iguanas
  A killer bee zombie (D:8)
  2 sheep (D:7)
  A hound zombie (D:8)
  3 hound skeletons
  11 gnolls
  A worker ant zombie (D:6)
  3 shadow imps
  14 adders
  3 oozes
  An adder skeleton (D:6)
  An adder zombie (D:8)
  3 worms
  74 orcs
  3 ball pythons (D:1)
  20 bats
  2 bat skeletons (D:4)
  2 bat zombies (D:4)
  3 giant cockroaches
  10 goblins
  9 hobgoblins
  8 quokkas
  5 giant geckos
  10 giant newts
  6 jackals
  29 kobolds
  12 rats
413 creatures vanquished.

Vanquished Creatures (collateral kills)
  3 killer bees (D:8)
3 creatures vanquished.

Vanquished Creatures (others)
  A plant (D:11)
1 creature vanquished.

Grand Total: 417 creatures vanquished

Notes
Turn   | Place    | Note
--------------------------------------------------------------
     0 | D:1      | kae the High Elf Fighter began the quest for the Orb.
     0 | D:1      | Reached XP level 1. HP: 16/16 MP: 2/2
   242 | D:1      | Reached XP level 2. HP: 18/21 MP: 3/3
   698 | D:1      | Reached skill level 4 in Long Blades
  1075 | D:2      | Reached XP level 3. HP: 26/26 MP: 4/4
  1558 | D:2      | Reached skill level 5 in Long Blades
  1831 | D:2      | Reached XP level 4. HP: 25/31 MP: 5/5
  2842 | D:3      | Noticed Crazy Yiuf
  2850 | D:3      | Killed Crazy Yiuf
  2850 | D:3      | Reached skill level 6 in Long Blades
  2850 | D:3      | Reached XP level 5. HP: 29/36 MP: 6/6
  3280 | D:3      | Reached skill level 7 in Long Blades
  3868 | D:4      | Reached XP level 6. HP: 28/42 MP: 7/7
  3907 | D:4      | Reached skill level 8 in Long Blades
  4707 | D:4      | Found an ancient bone altar of Kikubaaqudgha.
  4942 | D:5      | Entered Level 5 of the Dungeon
  5046 | D:5      | Found a staircase to the Ecumenical Temple.
  5059 | D:5      | Reached skill level 9 in Long Blades
  5113 | Temple   | Entered the Ecumenical Temple
  5251 | Temple   | Became a worshipper of Makhleb the Destroyer
  5469 | D:5      | Reached XP level 7. HP: 41/46 MP: 8/8
  5792 | D:5      | Found a sacrificial altar of Ru.
  5922 | D:5      | Reached skill level 10 in Long Blades
  6448 | D:1      | Got an ivory falchion
  6449 | D:1      | Identified the cursed +3 falchion of the Spheres {drain, rF+ MR- Stlth+} (You found it on level 1 of the Dungeon)
  6800 | D:6      | Noticed Edmund
  6821 | D:6      | Acquired Makhleb's first power
  6845 | D:6      | Killed Edmund
  6845 | D:6      | Reached skill level 11 in Long Blades
  6845 | D:6      | Reached XP level 8. HP: 11/52 MP: 9/9
  7433 | D:6      | Found a runed door.
  7843 | D:6      | Reached skill level 12 in Long Blades
  8540 | D:7      | Reached skill level 13 in Long Blades
  8559 | D:7      | Acquired Makhleb's second power
  8564 | D:7      | Reached XP level 9. HP: 54/56 MP: 10/10
  8658 | D:7      | Reached skill level 14 in Long Blades
  8674 | D:7      | Found a blossoming altar of Fedhas.
  9446 | D:7      | Found a glowing golden altar of the Shining One.
  9521 | D:7      | Reached skill level 15 in Long Blades
  9527 | D:7      | Acquired Makhleb's third power
 10293 | D:8      | Reached skill level 16 in Long Blades
 10359 | D:8      | Reached XP level 10. HP: 15/63 MP: 11/11
 10791 | D:8      | Reached skill level 1 in Invocations
 10870 | D:8      | Acquired Makhleb's fourth power
 11282 | D:9      | HP: 3/63 [orc warrior/hand axe (6)]
 11296 | D:9      | Reached skill level 5 in Invocations
 11603 | D:9      | Found a staircase to the Orcish Mines.
 11804 | D:9      | Noticed crauler's ghost (experienced DDCK)
 11853 | D:9      | Acquired Makhleb's fifth power
 12895 | D:9      | Found a roughly hewn altar of Beogh.
 13277 | D:10     | Entered Level 10 of the Dungeon
 13603 | D:10     | Got a faintly humming leather armour
 13659 | D:10     | Reached skill level 5 in Fighting
 14088 | D:11     | Reached XP level 11. HP: 69/72 MP: 18/18
 14206 | D:11     | Found a basalt altar of Yredelemnul.
 14262 | D:11     | Found a sacrificial altar of Ru.
 14396 | D:11     | Found a runed door.
 14418 | D:11     | Found a glowing golden altar of the Shining One.
 14447 | D:11     | Found a shattered altar of Ashenzari.
 14515 | D:11     | Found a shimmering altar of Xom.
 14577 | D:11     | Found a deep blue altar of Sif Muna.
 14667 | D:11     | Noticed a six-headed hydra
 14950 | D:11     | Found a staircase to the Lair.
 14953 | D:11     | Noticed an elephant
 15029 | D:11     | Killed an elephant
 15164 | D:11     | Noticed an eight-headed hydra
 15282 | D:11     | Identified the +1 leather armour of Sif Muna's Pride {rF+ rC+ Dex+3} (You found it on level 10 of the Dungeon)
 15793 | Lair:1   | Entered Level 1 of the Lair of Beasts
 16081 | Lair:1   | Reached skill level 10 in Fighting
 16257 | Lair:1   | Noticed a six-headed hydra
 16267 | Lair:1   | Slain by a six-headed hydra

Vault maps used:
D:1:      matt_arrival_diagonals, dk_noncrumbling_3, nrook_loot_triangle,
          hangedman_decor_riveting
D:2:      first_bread
D:3:      uniq_crazy_yiuf_cottage
D:4:      kennysheep_vampire_church
D:5:      minmay_temple_entry_glass, nicolae_ru_awakened_eye
D:6:      lemuel_ice_spiral_2, lightli_church_of_beogh, uniq_edmund
D:7:      basic_altar, minmay_misc_feat_plants, grunt_livestock, fedhas_altar_4
D:8:      special_room
D:9:      erik_orc_3, special_room
D:10:     corexii_corridor_pit
D:11:     due_megacathedral, david_lair_generic
Temple:   grunt_circular_temple_18
Lair:1:   lemuel_fruit_fields, grunt_megastairs_3

Action                   |  1- 3 |  4- 6 |  7- 9 | 10-12 || total
-------------------------+-------+-------+-------+-------++-------
Melee: Long sword        |   162 |   271 |    34 |       ||   467
       Falchion          |       |       |   410 |   915 ||  1325
Invok: Lesser Servant of |       |       |     1 |       ||     1
       Minor Destruction |       |       |       |    12 ||    12
  Use: Scroll            |       |     8 |     3 |    15 ||    26
       Potion            |       |       |     9 |     2 ||    11
 Stab: Sleeping          |       |       |     2 |       ||     2
       Distracted        |       |       |       |     2 ||     2
  Eat: Chunk             |     3 |    10 |    16 |    17 ||    46
       Beef jerky        |       |       |     1 |       ||     1
       Pizza             |       |       |       |     1 ||     1
       Fruit             |       |       |       |     1 ||     1
